 Dungeon Crawl Stone Soup version 0.18.1-8-gdd0e5ea (webtiles) character file.

43 zeroDi the Sneak (level 3, -4/18 HPs)
             Began as a Vine Stalker Assassin on May 21, 2016.
             Killed from afar by Ijyb (11 damage)
             ... with a wand of lightning
             ... on level 2 of the Dungeon.
             The game lasted 00:01:30 (791 turns).

zeroDi the Sneak (Vine Stalker Assassin)             Turns: 791, Time: 00:01:31

Health: -4/18      AC:  3    Str: 13    XL:     3   Next: 58%
Magic:  0/4        EV: 11    Int: 11    God:
Gold:   38         SH:  0    Dex: 16    Spells: 0 memorised, 2 levels left

rFire  . . .     SeeInvis .     a - +2 dagger
rCold  . . .     Gourm    .     c - +0 robe
rNeg   . . .     Faith    .     (no shield)
rPois  .         Spirit   +     (no helmet)
rElec  .         Dismiss  .     d - +0 cloak
rCorr  .         Reflect  .     (no gloves)
SustAt .         Harm     .     (no boots)
MR     .....                    (no amulet)
Stlth  +++.......               (no ring)
                                (no ring)

@: not resistant to hostile enchantments, fairly stealthy
A: fangs 2, regeneration 1, magic shield, antimagic bite, no device heal 3, rot
immunity
a: no special abilities


You were on level 2 of the Dungeon.
You were not hungry.

You visited 1 branch of the dungeon, and saw 2 of its levels.

You collected 38 gold pieces.


Innate Abilities, Weirdness & Mutations

You have extremely sharp teeth.
Your natural rate of healing is unusually fast.
When hurt, damage is shared between your health and your magic reserves.
Your bite disrupts and absorbs the magic of your enemies.
Potions and wands cannot restore your health.
You are immune to rotting.


   Skills:
 - Level 1.7 Fighting
 + Level 3.4 Short Blades
 - Level 1.7 Throwing
 - Level 0.7 Dodging
 - Level 4.8 Stealth


You had 2 spell levels left.
You didn't know any spells.

Inventory:

Hand Weapons
 a - a +2 dagger (weapon)
 b - a +0 blowgun
 i - a +0 dagger of protection
Missiles
 e - 19 poisoned needles
 f - 2 curare-tipped needles {=f}
Armour
 c - a +0 robe (worn)
 d - a +0 cloak (worn)
Jewellery
 p - an uncursed ring of poison resistance {unknown}
Scrolls
 k - 2 scrolls of recharging {unknown}
 n - 2 scrolls of remove curse {unknown}
Potions
 h - a potion of cancellation {unknown}
 m - a potion of degeneration {unknown}
 q - a potion of curing {unknown}
Comestibles
 g - 3 bread rations
 j - 4 fruits
 l - a beef jerky
 o - 6 chunks of flesh

Dungeon Overview and Level Annotations

Branches:
Dungeon (2/15)

Altars:

Annotations:
D:2 Ijyb

###..... ####.......
## #. ##.....####.
..##. ##.......###.
#.#.. #...[........
#.#^####.........###
#.#.##...........###
#.#.#..#............
#..@g.##.........###
#..######.......##
#.## #.........# #.#
#.........# #.#
#.........# #.#
#.........#
#.######..>......###
#.##................
#.##.#####.....#####


You could see Ijyb.


Message History

You hit Ijyb. Your bite misses Ijyb.
Ijyb is lightly wounded.
Ijyb zaps a wand.
The bolt of lightning misses you. x2
It is a wand of lightning.
You hit Ijyb. Your bite misses Ijyb.
Ijyb is moderately wounded.
Ijyb zaps a wand.
The bolt of lightning hits you!
Ouch! That really hurt!
* * * LOW HITPOINT WARNING * * *
The bolt of lightning misses you.
You miss Ijyb. You bite Ijyb, but do no damage.
Ijyb is moderately wounded.
You barely miss Ijyb. Your bite misses Ijyb.
Ijyb is moderately wounded.
Ijyb closely misses you.
You hit Ijyb.
Ijyb is moderately wounded.
Ijyb zaps a wand.
The bolt of lightning hits you!
Ouch! That really hurt!
You die...

Action                   || total
-------------------------++-------
Melee: Dagger            ||   101
       Bite              ||    17
 Stab: Sleeping          ||     4
Armor: Robe              ||    19
Dodge: Dodged            ||    76

Vault maps used:
D:1:      dpeg_arrival_simpleton_c
D:2:      overflow_temple_1_default, minmay_rats_cheesy_pizza, uniq_iyjb

Notes
Turn   | Place    | Note
--------------------------------------------------------------
     0 | D:1      | zeroDi the Vine Stalker Assassin began the quest for the Orb.
     0 | D:1      | Reached XP level 1. HP: 11/11 MP: 2/2
    25 | D:1      | Reached skill level 2 in Short Blades
   314 | D:1      | Reached XP level 2. HP: 15/15 MP: 3/3
   604 | D:2      | Reached skill level 3 in Short Blades
   645 | D:2      | Reached XP level 3. HP: 18/18 MP: 4/4
   785 | D:2      | Noticed Ijyb
   791 | D:2      | Killed from afar by Ijyb

Vanquished Creatures
  An adder (D:2)
  2 dart slugs (D:1)
  A giant gecko (D:1)
  A ball python (D:1)
  4 bats
  2 giant cockroaches (D:1)
  2 goblins
  2 hobgoblins
  3 jackals (D:2)
  3 kobolds
  A quokka (D:2)
  2 giant newts
  A rat (D:2)
25 creatures vanquished.
